 Dungeon Crawl Stone Soup version 0.18-a0-1084-g259f6cf (webtiles) character file.

80 Reinor the Ruffian (level 4, -6/38 HPs)
             Began as a Ghoul Monk on Jan 15, 2016.
             Mangled by an orc warrior
             ... wielding a +0 mace
              (11 damage)
             ... on level 3 of the Dungeon.
             The game lasted 00:09:06 (1976 turns).

Reinor the Ruffian (Ghoul Monk)                     Turns: 1976, Time: 00:09:06

Health: -6/38      AC:  6    Str: 14    XL:     4   Next: 39%
Magic:  3/3        EV: 12    Int:  5    God:
Gold:   106        SH:  0    Dex: 12    Spells: 1 memorised, 1 level left

rFire  . . .     SeeInvis .       - Unarmed
rCold  + . .     Gourm    .     a - +0 robe
rNeg   + + +     Faith    .     (no shield)
rPois  ∞         Spirit   .     (no helmet)
rElec  .         Dismiss  .     (no cloak)
rCorr  .         Reflect  .     l - +1 pair of gloves
SustAt .         Harm     .     (no boots)
MR     .....                    (no amulet)
Stlth  ++........               (no ring)
                                o - +2 ring of protection

@: about to teleport, rotting, not resistant to hostile enchantments, unstealthy
A: rotting body, claws 1, carnivore 3, cold resistance 1, negative energy
resistance 3, slow regeneration 1, torment resistance, unbreathing
a: no special abilities


You were on level 3 of the Dungeon.
You were not hungry.

You visited 1 branch of the dungeon, and saw 4 of its levels.

You collected 106 gold pieces.

Inventory:

Missiles
 e - 20 poisoned needles
 j - 12 exploding sling bullets
 k - 20 stones (quivered)
Armour
 a - a +0 robe (worn)
 l - a +1 pair of gloves (worn)
Jewellery
 o - a +2 ring of protection (left hand)
Scrolls
 d - 2 scrolls of teleportation
Potions
 f - a potion of agility
 h - a potion of invisibility
Books
 m - a book of Frost

   Spells                             Type                      Level
   a - Freeze                         Ice                          1
   b - Throw Frost                    Conjuration/Ice              2
   c - Ozocubu's Armour               Charms/Ice                   3
   d - Throw Icicle                   Conjuration/Ice              4
   e - Summon Ice Beast               Ice/Summoning                4
   f - Condensation Shield            Ice                          4
Comestibles
 b - 5 meat rations
 i - a beef jerky


   Skills:
 - Level 3.2 Fighting
 + Level 2.7 Dodging
 - Level 2.1 Stealth
 - Level 6.3 Unarmed Combat


You had one spell level left.
You knew the following spells:

 Your Spells              Type           Power        Failure   Level  Hunger
a - Throw Frost           Conj/Ice       #.....       80%         2    ###....


Dungeon Overview and Level Annotations

Branches:
Dungeon (4/15)
 Temple: D:4-7

Altars:
Ashenzari
Dithmenos
Elyvilon
Fedhas
Okawaru
Pakellas


Innate Abilities, Weirdness & Mutations

Your body is rotting away.
You thrive on raw meat.
You are immune to poison.
You have sharp fingernails.
You are carnivorous and can eat meat at any time.
Your flesh is cold resistant.
You are immune to negative energy.
You regenerate slowly when monsters are visible.
You are immune to unholy pain and torment.
You can survive without breathing.


Message History

You kill the orc priest!
Your Unarmed Combat skill increases to level 6!
You have reached level 4!
The orc hits you but does no damage.
You punch the orc!
You kill the orc!
You closely miss the orc warrior. The orc warrior hits you with a mace!
* * * LOW HITPOINT WARNING * * *
There is a stone staircase leading up here.
The worker ant bites you.
* * * LOW HITPOINT WARNING * * *
The orc warrior hits you with a mace.
* * * LOW HITPOINT WARNING * * *
You climb upwards.
There is a stone staircase leading down here.
Read which item? (? for menu, Esc to quit)
As you read the scroll of teleportation, it crumbles to dust.
You feel strangely unstable. The worker ant barely misses you.
The orc warrior hits you with a mace!
You die...

###### #....# #.#..#
#######.#.## #..........#
#######.#######.###
#.........# ###...#########
#.........# #@o...........##
#........[###a#.#....#.....###
#.............#.#..#.#...#....
#.........##.......#.#...#.#.#
#.........##..#....#.+...+.#.#
#....%....##..#....#.#...#..##
#.........##..#...##.#...##.##
#.........##.........#..)##..#
#.).......##....#.##.#...###.#


You could see an orc warrior and a worker ant.

Vanquished Creatures
  An orc priest (D:4)
  An orc (D:4)
  7 bats
  A giant cockroach (D:1)
  16 goblins
  6 hobgoblins
  A quokka (D:3)
  5 giant newts
  3 kobolds
  6 rats
47 creatures vanquished.

Notes
Turn   | Place    | Note
--------------------------------------------------------------
     0 | D:1      | Reinor the Ghoul Monk began the quest for the Orb.
     0 | D:1      | Reached XP level 1. HP: 19/19 MP: 0/0
   141 | D:1      | Reached XP level 2. HP: 20/26 MP: 1/1
   223 | D:1      | Reached skill level 5 in Unarmed Combat
   470 | D:1      | Reached XP level 3. HP: 16/31 MP: 2/2
   810 | D:2      | Found a shadowy altar of Dithmenos.
  1464 | D:3      | Found an iron altar of Okawaru.
  1464 | D:3      | Found a blossoming altar of Fedhas.
  1498 | D:3      | Found a shattered altar of Ashenzari.
  1511 | D:3      | Learned a level 2 spell: Throw Frost
  1608 | D:3      | Found a white marble altar of Elyvilon.
  1609 | D:3      | Found an oddly glowing altar of Pakellas.
  1958 | D:4      | Noticed an orc warrior
  1970 | D:4      | Reached skill level 6 in Unarmed Combat
  1970 | D:4      | Reached XP level 4. HP: 24/38 MP: 3/3
  1976 | D:3      | Mangled by an orc warrior

Vault maps used:
D:1:      sevenhm_arrival_forest_fort_large_1, kennysheep_flooded_box
D:2:      grunt_dithmenos_smoke_and_mirrors
D:3:      kennysheep_the_goblin_king, grunt_temple_overflow_open,
          lemuel_crystal_altar, gammafunk_temple_overflow_wave, first_bread
D:4:      kennysheep_mini, temple_green, cheibrodos_ashenzari_chains,
          uniq_natasha, uniq_eustachio, uniq_pikel

Action                   |  1- 3 |  4- 6 || total
-------------------------+-------+-------++-------
Melee: Unarmed           |   110 |     2 ||   112
  Use: Scroll            |     6 |     1 ||     7
       Potion            |     1 |       ||     1
 Stab: Sleeping          |     5 |       ||     5
       Distracted        |     1 |       ||     1
  Eat: Chunk             |    10 |       ||    10
